 Dungeon Crawl Stone Soup version 0.29.0-7-g18a832c13a (webtiles) character file.

Game seed: 3025744969647690633

226 sanka the Ruffian (level 5, 0/50 HPs)
             Began as a Troll Cinder Acolyte on Aug 30, 2022.
             Was a High Priest of Ignis.
             Slain by Ijyb
             ... wielding a +2 dagger of venom
              (8 damage)
             ... on level 3 of the Dungeon.
             The game lasted 00:02:56 (2269 turns).

sanka the Ruffian (Troll Cinder Acolyte)            Turns: 2269, Time: 00:02:57

Health: 0/50       AC:  0    Str: 22    XL:     5   Next: 69%
Magic:  5/5        EV: 13    Int: 10    God:    Ignis [*****.]
Gold:   118        SH:  0    Dex:  7    Spells: 6/6 levels left

rFire   + . .      SeeInvis .     - Unarmed
rCold   . . .      Faith    .   (shield currently unavailable)
rNeg    . . .      Spirit   .   (body armour currently unavailable)
rPois   .          Reflect  .   (helmet currently unavailable)
rElec   .          Harm     .   (cloak currently unavailable)
rCorr   .          Rampage  .   (gloves unavailable)
Will    .....                   (boots unavailable)
Stlth   +.........              (no amulet)
HPRegen 0.96/turn               (ring currently unavailable)
MPRegen 0.09/turn               (ring currently unavailable)

@: pig-form (expiring), very quick
A: fast, no casting, small, unfitting armour, (claws 3), regeneration 1, (shaggy
fur 1), (tough skin 1)
a: Renounce Religion, Fiery Armour, Foxfire Swarm, Rising Flame


You were on level 3 of the Dungeon.
You worshipped Ignis.
Ignis was extremely pleased with you.
You were a filthy swine.
You visited 1 branch of the dungeon, and saw 4 of its levels.

You collected 118 gold pieces.


Innate Abilities, Weirdness & Mutations

You are a filthy swine.
You move quickly.
Your equipment is almost entirely melded.
You are incapable of wielding weapons or throwing items.
You cannot cast spells.
You are too large for most types of armour.
((You have claws for hands.))
Your natural rate of healing is unusually fast.
((You are covered in fur. (AC +1)))
((You have tough skin. (AC +1)))


   Skills:
 - Level 2.4 Fighting
 + Level 6.5 Unarmed Combat
 - Level 1.0 Spellcasting
 - Level 2.1 Fire Magic


You had 6 spell levels left.
You didn't know any spells.
Your spell library contained the following spells:

 Spells                   Type           Power      Damage    Failure   Level
 Scorch                   Fire           8%         2d5       22%         2
 Ozocubu's Armour         Ice            0%         N/A       71%         3
 Metabolic Englaciation   Hex/Ice        0%         N/A       100%        5
 Simulacrum               Ice/Necr       0%         N/A       100%        6

Inventory:

Armour
 a - a +0 robe (melded)
 n - a +0 cloak (melded)
Jewellery
 i - a ring of ice
 j - an amulet of reflection
Wands
 o - a wand of polymorph (10)
Scrolls
 c - 3 scrolls of silence {unknown}
 d - 3 scrolls of identify {unknown}
 g - 2 scrolls of teleportation {unknown}
 h - a scroll of blinking {unknown}
 k - a scroll of amnesia {unknown}
 l - a scroll of poison {unknown}
 p - a scroll of noise {unknown}
 q - a scroll of summoning {unknown}
 s - 2 scrolls of immolation {unknown}
 t - a scroll of vulnerability {unknown}
 u - a scroll of butterflies {unknown}
 x - a scroll of magic mapping {unknown}
Potions
 b - a potion of cancellation {unknown}
 e - a potion of curing {@q1}
 f - a potion of might {unknown}
 m - a potion of heal wounds {unknown}
 r - a potion of brilliance {unknown}
 v - a potion of attraction {unknown}
 w - a potion of mutation {unknown}

Dungeon Overview and Level Annotations

Branches:
Dungeon (4/15)
 Temple: D:4-7

Altars:
Gozag
Zin

Shops:
D:1 (

Annotations:
D:3 Ijyb

.▒▒▒▒▒▒....▒▒▒▒▒ ▒.▒
...▒▒...▒......▒ ▒.▒
.▒.▒▒.▒▒▒..▒▒▒.▒ ▒.▒
▒▒.▒▒.▒ ▒..▒ ▒.▒▒▒.▒
.▒....▒ ▒..▒ ▒.....▒
.▒▒▒▒▒▒▒▒..▒▒▒.....▒
.............▒.....▒
▒▒▒▒▒▒▒▒▒▒.▒.▒.g...▒
▒.▒....h..▒
▒▒▒▒▒.....▒ ▒.....▒
▒.▒'▒▒▒ ▒.▒.▒ ▒.▒)▒
▒.▒.▒ ▒▒▒▒.▒.▒
▒....▒.▒


You could see Ijyb.


Message History

You are more poisoned.
You closely miss Ijyb.
Ijyb is moderately wounded.
You feel very sick.
Ijyb hits you with a +2 dagger of venom!
* * * LOW HITPOINT WARNING * * *
You are more poisoned.
You hit Ijyb but do no damage.
Ijyb is moderately wounded.
You feel very sick.
Unknown command.
You barely miss Ijyb.
Ijyb is moderately wounded.
You feel very sick. Ijyb closely misses you.
You feel sick.
There is a stone staircase leading up here.
You feel very sick.
Ijyb hits you with a +2 dagger of venom.
* * * LOW HITPOINT WARNING * * *
You are lethally poisoned!
You climb upwards.
* * * LOW HITPOINT WARNING * * *
You feel very sick.
There is a stone staircase leading down here.
It was a potion of curing.
Your transformation is almost over.
Ijyb screams, "No!
No, no, no, no!"
Ijyb hits you with a +2 dagger of venom!
You die...

Action                   |  1- 3 |  4- 6 || total
-------------------------+-------+-------++-------
Melee: Unarmed           |    93 |    59 ||   152
       Punch             |     1 |     3 ||     4
  Use: Potion            |       |     1 ||     1
Armor: Robe              |    37 |    17 ||    54
Dodge: Dodged            |    43 |    25 ||    68

Levels and vault maps discovered:
D:1:      sevenhm_arrival_forest_fort_large_4, layout_basic, serial_shops, shop,
          dreamdust_ecumenical_altar_grove
D:2:      layout_loops_ring, serial_undead, serial_undead_a, serial_undead_b,
          serial_undead_f, serial_undead_d, serial_undead_f, serial_undead_d,
          basic_altar, corner_web_ring, uniq_crazy_yiuf_cottage
D:3:      layout_basic, mainiacjoe_overflow_alcove_4,
          nicolae_kite_square_tiling_tiny
D:4:      layout_rooms, uniq_edmund, uniq_ijyb, uniq_duvessa

Notes
Turn   | Place    | Note
-------+----------+-------------------------------------------
     0 | D:1      | sanka the Troll Cinder Acolyte began the quest for the Orb.
     0 | D:1      | Reached XP level 1. HP: 22/22 MP: 1/1
   101 | D:1      | Reached XP level 2. HP: 29/29 MP: 2/2
   175 | D:1      | Found Cohaip's Weapon Boutique.
   425 | D:1      | Found a faded altar of an unknown god.
   888 | D:2      | Reached skill level 4 in Unarmed Combat
   992 | D:2      | Found a glowing silver altar of Zin.
  1012 | D:2      | Reached XP level 3. HP: 36/36 MP: 3/3
  1096 | D:2      | Found a runed translucent door.
  1097 | D:2      | Noticed Crazy Yiuf
  1392 | D:2      | Killed Crazy Yiuf
  1393 | D:2      | Reached skill level 5 in Unarmed Combat
  1393 | D:2      | Reached XP level 4. HP: 44/44 MP: 4/4
  1812 | D:3      | Found an opulent altar of Gozag.
  1966 | D:3      | Reached skill level 6 in Unarmed Combat
  1966 | D:3      | Reached XP level 5. HP: 35/50 MP: 5/5
  2216 | D:4      | Noticed Ijyb
  2268 | D:3      | HP: 2/50 [poisoned by Ijyb]
  2269 | D:3      | Slain by Ijyb

Vanquished Creatures
  2 orc priests
  Crazy Yiuf (D:2)
  2 orc wizards (D:3)
  2 adders
  An adder zombie (D:2)
  A dart slug (D:2)
  9 orcs
  4 ball pythons
  4 bat zombies (D:2)
  3 endoplasms
  3 giant cockroaches
  A goblin (D:3)
  2 hobgoblins (D:1)
  4 jackals (D:1)
  5 kobolds
  2 quokkas
  A ball python skeleton (D:2)
  2 bats
  2 frilled lizards (D:2)
  4 giant cockroach zombies (D:2)
  A jackal skeleton (D:2)
  A quokka zombie (D:2)
  8 rats
65 creatures vanquished.

Vanquished Creatures (others)
  3 withered plants (D:2)
3 creatures vanquished.

Grand Total: 68 creatures vanquished
